 Dungeon Crawl Stone Soup version 0.25.1-8-g42b30a86e7 (webtiles) character file.

Game seed: 16524341679748303279

1519 hehateme the Sneak (level 8, 0/69 HPs)
             Began as a Naga Wanderer on Dec 5, 2020.
             Was a Follower of Okawaru.
             Slain by a quasit (2 damage)
             ... on level 6 of the Dungeon.
             The game lasted 00:23:11 (9705 turns).

hehateme the Sneak (Naga Wanderer)                  Turns: 9705, Time: 00:23:11

Health: 0/69       AC:  9    Str: 16 (18) XL:     8   Next: 84%
Magic:  11/11      EV:  1    Int: 11 (13) God:    Okawaru [*.....]
Gold:   193        SH:  0    Dex: -36 (11)Spells: 9/9 levels left

rFire    . . .     SeeInvis +   m - +1 dagger (drain)
rCold    . . .     Gourm    .   w - +0 kite shield
rNeg     . . .     Faith    .   d - +2 scale mail
rPois    +         Spirit   .   b - +0 helmet
rElec    .         Reflect  .   (no cloak)
rCorr    .         Harm     .   (no gloves)
MR       +....                  (no barding)
Stlth    ..........             (no amulet)
HPRegen  0.21/turn              (no ring)
MPRegen  0.12/turn              (no ring)

@: slowed, lost dexterity, very slow
A: large, stinger 1, see invisible, agile 1, deformed body, poison resistance,
slowness 2, slow metabolism 1, spit poison 1, AC +2
a: Spit Poison, Heroism, Renounce Religion


You were on level 6 of the Dungeon.
You worshipped Okawaru.
Okawaru was aware of your devotion.
You were very hungry.

You visited 1 branch of the dungeon, and saw 7 of its levels.

You collected 193 gold pieces.

Inventory:

Hand Weapons
 a - a +0 club
 c - a +0 dagger
 f - a +0 hand axe
 l - a +0 short sword
 m - a +1 dagger of draining (weapon)
Missiles
 h - 74 arrows
 q - 13 poisoned darts (quivered)
 r - 27 sling bullets
 z - 139 stones
 D - 6 curare-tipped darts
 Q - 60 bolts
Armour
 b - a +0 helmet (worn)
 d - a +2 scale mail (worn)
 k - the +3 robe of Charity {Int+3}
   (You found it on level 6 of the Dungeon)

   It affects your intelligence (+3).
 v - a +0 pair of boots
 w - a +0 kite shield (worn)
Jewellery
 n - an uncursed ring of protection from cold {unknown}
 S - an uncursed ring of see invisible
Wands
 B - a wand of clouds (4)
 C - a wand of disintegration (29)
 E - a wand of paralysis (5)
Scrolls
 i - 3 scrolls of identify
 p - a scroll of remove curse
 x - a scroll of fear {unknown}
 y - a scroll of enchant weapon
Potions
 j - 2 potions of degeneration {!q}
 A - a potion of stabbing
Comestibles
 e - 6 rations


   Skills:
 - Level 3.4 Fighting
 + Level 4.4 Throwing
 - Level 1.5 Armour
 - Level 5.5 Stealth
 - Level 5.0 Shields
 - Level 1.0 Spellcasting
   Level 1.0 Transmutations
   Level 3.0 Ice Magic
 - Level 5.1 Evocations


You had 9 spell levels left.
You didn't know any spells.
Your spell library contained the following spells:

 Spells                   Type           Power        Failure   Level  Hunger
 Freeze                   Ice            #...         63%         1    ##.....
 Frozen Ramparts          Ice            #.....       94%         3    ####...
 Animate Skeleton         Necr           N/A          95%         1    ##.....
 Apportation              Tloc           #.....       95%         1    ##.....
 Corona                   Hex            #......      95%         1    ##.....
 Shock                    Conj/Air       #...         95%         1    ##.....
 Summon Small Mammal      Summ           #...         95%         1    ##.....
 Mephitic Cloud           Conj/Pois/Air  #.......     100%        3    ####...


Dungeon Overview and Level Annotations

Branches:
Dungeon (7/15)             Temple (0/1) D:6

Altars:
Elyvilon
Gozag
Makhleb
Nemelex Xobeh
Okawaru
Qazlal
Ru
Uskayaw
Wu Jian

Annotations:
D:7 exclusion: ice beast


Innate Abilities, Weirdness & Mutations

You cannot wear boots.
Your serpentine skin is tough. (AC +2)
You have supernaturally acute eyesight. (SInv)
Armour fits poorly on your strangely shaped body.
Your system is resistant to poisons. (rPois)
You cover ground very slowly.
You have a slow metabolism.
You can spit poison.
Your tail ends in a poisonous barb.
You are agile. (Dex +2)


Message History

The quasit claws you but does no damage. x2
The quasit bites you but does no damage.
The quasit claws you but does no damage. x2
You take 1 damage, and have 4/69 hp.
The quasit bites you but does no damage.
The quasit claws you but does no damage. x2
The quasit bites you but does no damage.
The quasit barely misses you. The quasit claws you.
* * * LOW HITPOINT WARNING * * *
You take 1 damage, and have 3/69 hp.
The quasit bites you but does no damage.
The quasit claws you but does no damage. x2
The quasit bites you but does no damage.
The quasit claws you but does no damage. x2
The quasit bites you.
* * * LOW HITPOINT WARNING * * *
You feel clumsy.
The quasit claws you but does no damage. x2
The quasit bites you.
You die...

....########
...........#####
.....#.........##
####.#.##...##..####
# #.#.##...##.....#
# #.#..[........#.#
# #.#....>...[#.#.#
####.#...........[.#
[......##...##.5@#.#
.....#.##...##..##.#
####...........###.#
# ###<##.####.# #.#
# #.##......# #.# #
#.##.###### #.#
#.##.# #.#
#.##.########.#
#...........#.#

Skill      XL: |  1  2  3  4  5  6  7  8 |
---------------+-------------------------+-----
Stealth        | 2 3 4 5 |  5.5
Fighting       | 2 3 |  3.4
Shields        | 3 4 5 |  5.0
Evocations     | 3 5 |  5.1
Throwing       | 4 |  4.4
Armour         | |  1.5
Spellcasting   | |  1.0
Transmutations | |  1.0
Ice Magic      | |  3.0

Notes
Turn   | Place    | Note
-------+----------+-------------------------------------------
     0 | D:1      | hehateme the Naga Wanderer began the quest for the Orb.
     0 | D:1      | hehateme set off with the following items: a +0 club, a +2
                  | scale mail, a ration; and the following spells available to
                  | memorise: Freeze, Shock, Frozen Ramparts, Mephitic Cloud
     0 | D:1      | Reached XP level 1. HP: 18/18 MP: 2/2
   197 | D:1      | Reached skill level 2 in Stealth
   336 | D:1      | Reached XP level 2. HP: 25/25 MP: 3/3
   534 | D:1      | Reached skill level 3 in Stealth
   974 | D:2      | Reached skill level 2 in Fighting
  1012 | D:2      | Reached XP level 3. HP: 32/32 MP: 4/4
  1206 | D:2      | Noticed Terence
  1215 | D:2      | Killed Terence
  1215 | D:2      | Reached skill level 4 in Stealth
  1215 | D:2      | Reached XP level 4. HP: 29/40 MP: 5/5
  1500 | D:2      | Reached skill level 3 in Fighting
  1737 | D:2      | Reached skill level 5 in Stealth
  1737 | D:2      | Reached XP level 5. HP: 27/49 MP: 6/6
  1884 | D:2      | Found a burning altar of Makhleb.
  2079 | D:2      | Found a sparkling altar of Nemelex Xobeh.
  2194 | D:3      | Noticed Jessica
  2404 | D:3      | Found an iron altar of Okawaru.
  2522 | D:3      | Noticed Grinder
  2536 | D:3      | Killed Grinder
  2536 | D:3      | Reached skill level 3 in Shields
  2536 | D:3      | Reached XP level 6. HP: 18/56 MP: 7/7
  2784 | D:3      | Noticed Natasha
  2797 | D:3      | Killed Jessica
  2821 | D:3      | Killed Natasha
  2821 | D:3      | Reached skill level 4 in Shields
  3096 | D:3      | Reached XP level 7. HP: 62/62 MP: 8/8
  3172 | D:3      | Found an opulent altar of Gozag.
  3172 | D:3      | Found a white marble altar of Elyvilon.
  3245 | D:3      | Found a hide-covered altar of Uskayaw.
  3383 | D:3      | Noticed Natasha
  3390 | D:3      | Killed Natasha
  3408 | D:3      | Became a worshipper of Warmaster Okawaru
  3469 | D:5      | Entered Level 5 of the Dungeon
  3907 | D:4      | Found an ornate altar of the Wu Jian Council.
  4352 | D:4      | Reached skill level 5 in Shields
  4681 | D:5      | Found a stormy altar of Qazlal.
  4717 | D:5      | Found a sacrificial altar of Ru.
  4746 | D:5      | Reached skill level 1 in Evocations
  4882 | D:5      | Reached skill level 2 in Evocations
  5009 | D:5      | Reached skill level 3 in Evocations
  5257 | D:5      | Reached XP level 8. HP: 55/69 MP: 10/10
  5279 | D:5      | Reached * piety under Okawaru
  5279 | D:5      | Reached skill level 4 in Evocations
  5937 | D:5      | You fall into a shaft and drop 2 floors!
  6052 | D:7      | Reached skill level 5 in Evocations
  6115 | D:7      | Reached skill level 1 in Throwing
  6285 | D:7      | Reached skill level 2 in Throwing
  6292 | D:7      | HP: 11/69 [bullfrog (7)]
  6292 | D:7      | HP: 4/69 [worker ant (3)]
  6421 | D:6      | Got a transparent robe
  6433 | D:6      | Identified the +3 robe of Charity {Int+3} (You found it on
                  | level 6 of the Dungeon)
  6945 | D:6      | Found a staircase to the Ecumenical Temple.
  7081 | D:6      | Reached skill level 3 in Throwing
  7301 | D:6      | Reached skill level 4 in Throwing
  7338 | D:6      | Lost dexterity.
  7386 | D:6      | Gained mutation: You are agile. (Dex +2) [potion of
                  | mutation]
  7386 | D:6      | Gained mutation: Your tail ends in a poisonous barb.
                  | [potion of mutation]
  9693 | D:6      | HP: 17/69 [quasit (2)]
  9698 | D:6      | HP: 9/69 [quasit (2)]
  9700 | D:6      | HP: 4/69 [quasit (1)]
  9705 | D:6      | HP: 2/69 [quasit (2)]
  9705 | D:6      | Slain by a quasit

Table legend:
 A = Turns spent in this place as a percentage of turns spent in the entire game.
 B = Non-inter-level travel turns spent in this place as a percentage of non-inter-level travel turns spent in the entire game.
 C = Inter-level travel turns spent in this place as a percentage of turns spent in this place.
 D = Turns resting spent in this place as a percentage of non-inter-level travel turns spent in this place.
 E = Turns spent auto-exploring this place as a percentage of non-inter-level travel turns spent in this place.
 F = Non-inter-level travel turns spent in this place divided by the number of levels of this place that you've seen.
                   A       B       C       D       E      F
               +-------+-------+-------+-------+-------+----------------------
         Total | 100.0 | 100.0 |   3.0 |  30.3 |  55.7 | 1344.4
       Dungeon | 100.0 | 100.0 |   3.0 |  30.3 |  55.7 | 1344.4
               +-------+-------+-------+-------+-------+----------------------

Table legend:
 A = Kills in this place as a percentage of kills in entire the game.
 B = Kills by you in this place as a percentage of kills by you in the entire game.
 C = Kills by friends in this place as a percentage of kills by friends in the entire game.
 D = Other kills in this place as a percentage of other kills in the entire game.
 E = Experience gained in this place as a percentage of experience gained in the entire game.
 F = Experience gained in this place divided by the number of levels of this place that you have seen.
                   A       B       C       D       E      F
               +-------+-------+-------+-------+-------+----------------------
         Total | 100.0 | 100.0 |   N/A |   N/A | 100.0 | 310.0
       Dungeon | 100.0 | 100.0 |   N/A |   N/A | 100.0 | 310.0
               +-------+-------+-------+-------+-------+----------------------

Action                   |  1- 3 |  4- 6 |  7- 9 || total
-------------------------+-------+-------+-------++-------
Melee: Club              |     8 |       |       ||     8
       Dagger            |    48 |    98 |   385 ||   531
       Short sword       |     4 |       |       ||     4
Throw: Stone             |    43 |    47 |     3 ||    93
       Dart              |       |     5 |   155 ||   160
Invok: Heroism           |       |       |     2 ||     2
 Abil: Spit Poison       |    15 |    18 |    17 ||    50
Evoke: Wand              |       |       |     1 ||     1
  Use: Potion            |     1 |     1 |    11 ||    13
       Scroll            |       |     1 |     9 ||    10
  Eat: Chunk             |     1 |     6 |    12 ||    19
       Ration            |       |       |     2 ||     2
Armor: Scale mail        |    33 |    47 |   705 ||   785
Dodge: Dodged            |    35 |    24 |   122 ||   181
Block: Kite shield       |       |    11 |   181 ||   192

Vanquished Creatures
  Grinder (D:3)
  An orc warrior (D:6)
  2 ogres
  A bullfrog (D:6)
  3 scorpions
  A howler monkey (D:4)
  A crimson imp (D:7)
  A jelly (D:5)
  3 hounds
  5 orc priests
  3 orc wizards
  Jessica (D:3)
  Terence (D:2)
  Natasha (twice) (D:3)
  An iguana (D:6)
  3 worker ants
  2 hound skeletons (D:4)
  11 adders
  2 worms (D:2)
  A dart slug (D:1)
  4 leopard geckos
  14 orcs
  2 ball pythons
  5 giant cockroaches
  7 goblins
  4 hobgoblins
  7 jackals
  6 kobolds
  3 quokkas
  7 bats
  2 frilled lizards (D:2)
  A leopard gecko skeleton (D:4)
  A quokka skeleton (D:6)
  9 rats
118 creatures vanquished. You could see a quasit.

Levels and vault maps discovered:
D:1:      minmay_arrival_split_and_join, layout_basic
D:2:      layout_rooms, lemuel_coloured_pillars_altar, makhleb_heckhound_becter,
          fountainhead, minivault_4, uniq_terence
D:3:      layout_loops_ring, lemuel_crystal_altar,
          nicolae_overflow_hidden_temple, gammafunk_temple_overflow_statue,
          first_ration, uniq_jessica, uniq_natasha, uniq_grinder
D:4:      layout_basic, nicolae_overflow_crystal_walls
D:5:      layout_layer_cave, grunt_temple_overflow_open, grunt_ministairs_4
D:6:      layout_basic, minmay_temple_entry_stoned_glass
D:7:      layout_rooms
